 Seeded DCSS version 0.29.1-2-gbd0b4ee654 (webtiles) character file.

Game seed: 420 (custom seed)

1047 qeuew the Trooper (level 8, 71/71 HPs)
             Began as a Minotaur Berserker on Nov 15, 2022.
             Was a Priest of Trog.
             Quit the game on level 6 of the Dungeon on Nov 16, 2022.
             The game lasted 00:04:53 (5259 turns).

qeuew the Trooper (Minotaur Berserker)              Turns: 5259, Time: 00:04:54

Health: 71/71      AC:  6    Str: 24    XL:     8   Next: 5%
Magic:  7/7        EV: 17    Int:  4    God:    Trog [***...]
Gold:   274        SH:  0    Dex: 16    Spells: 7/7 levels left

rFire   . . .      SeeInvis .   a - +1 hand axe
rCold   . . .      Faith    .   (no shield)
rNeg    . . .      Spirit   .   j - +0 ring mail
rPois   .          Reflect  .   (helmet restricted)
rElec   .          Harm     .   (no cloak)
rCorr   .          Rampage  .   (no gloves)
Will    +....                   (no boots)
Stlth   +.........              (no amulet)
HPRegen 0.21/turn               f - +6 ring of dexterity
MPRegen 0.10/turn               o - +4 ring of evasion

@: no status effects
A: horns 2, retaliatory headbutt, strong-willed 1, wild magic 1
a: Renounce Religion, Berserk, Trog's Hand


You were on level 6 of the Dungeon.
You worshipped Trog.
Trog was most pleased with you.
You visited 1 branch of the dungeon, and saw 6 of its levels.

You collected 274 gold pieces.

Inventory:

Hand Weapons
 a - a +1 hand axe (weapon)
Missiles
 g - 2 throwing nets
Armour
 j - a +0 ring mail (worn)
Jewellery
 f - a +6 ring of dexterity (left hand)
 k - a ring of positive energy
 o - a +4 ring of evasion (right hand)
Wands
 n - a wand of flame (9) (quivered)
 p - a wand of quicksilver (6)
 q - a wand of roots (9)
Scrolls
 b - a scroll of butterflies
 c - 2 scrolls of teleportation
 d - a scroll of noise {unknown}
 i - 3 scrolls of identify
 m - 2 scrolls of enchant armour
Potions
 e - a potion of ambrosia
 h - 3 potions of magic
 l - 3 potions of curing


   Skills:
 + Level 6.4 Fighting
 + Level 6.4 Axes
 + Level 5.8 Armour
 + Level 5.2 Dodging
 + Level 2.3 Evocations


You had 7 spell levels left.
You didn't know any spells.
Your spell library was empty.

Dungeon Overview and Level Annotations

Branches:
Dungeon (6/15)             Temple (0/1) D:4

Altars:
Makhleb

Shops:
D:1 :   D:4 :


Innate Abilities, Weirdness & Mutations

You have a pair of horns on your head.
You reflexively headbutt those who attack you in melee.
You are strong-willed. (Will+)
Your spells are a little harder to cast, but a little more powerful.


Message History

Key pressed, stopping explore.
No target in view!
There is a stone staircase leading up here.
A centaur comes into view.
The centaur moves out of view.
No target in view!
The centaur shouts! x3; You hear a shout!
The centaur shoots an arrow.
The arrow completely misses you.
A jelly comes into view.
The centaur wields a +0 shortbow.
The centaur shoots an arrow.
The arrow misses you.
The centaur shoots an arrow.
The arrow misses you.
No reachable target in view!
No reachable target in view!
There are monsters nearby!
There are monsters nearby!
No reachable target in view!
No reachable target in view!
There are monsters nearby!
Unknown command.
The centaur wields a +0 shortbow.
The centaur shoots an arrow.
The arrow closely misses you.
The centaur shoots an arrow.
The arrow closely misses you.
Found 17 gold pieces.
You now have 274 gold pieces (gained 17).
The jelly quivers.
The jelly closely misses you.
You hit the jelly.
Your hands burn!
The jelly is heavily wounded.
The jelly barely misses you.
You hit the jelly.
Your hands burn!
The jelly is severely wounded.
The jelly barely misses you.
You hit the jelly.
Your hands burn!
The jelly is almost dead.
The jelly hits you but does no damage.
You hit the jelly.
You kill the jelly!
Trog accepts your kill.
There is a stone staircase leading down here.
Are you sure you want to abandon this character and quit the game? (Confirm with "yes".)

.#####.......###^#<#####..
<......>.P.#.###...#
#.#####.......###..#
..รท............##..#
########........#..## ##
#.#..........#
.#######.##...###...#
.............####...#
#######.........@...#####
# #..###.###........###
#######..# #.#
#........... .........#
#(# #.....##[###
########.# #.# ##.##.# #
#.# #.# #.# .# #.# #.# #.#
.# ####.# #.. ..# .#
#....# ### .#


There were no monsters in sight!

Vanquished Creatures
  Menkaure (D:4)
  An ice beast (D:6)
  A phantom (D:6)
  2 necrophages
  A scorpion (D:6)
  4 hounds
  3 orc priests
  3 jellies
  4 iguanas
  An orc wizard (D:6)
  5 adders
  A white imp (D:5)
  2 ufetubi
  A worm (D:4)
  4 dart slugs
  17 orcs
  9 endoplasms
  A giant cockroach (D:2)
  7 goblins
  A hobgoblin (D:3)
  4 jackals (D:2)
  2 quokkas
  7 ball pythons
  A bat (D:2)
  3 frilled lizards
  5 kobolds
  4 rats
95 creatures vanquished.

Vanquished Creatures (others)
  2 fungi (D:2)
2 creatures vanquished.

Grand Total: 97 creatures vanquished

Notes
Turn   | Place    | Note
-------+----------+-------------------------------------------
     0 | D:1      | qeuew the Minotaur Berserker began the quest for the Orb.
     0 | D:1      | Reached XP level 1. HP: 19/19 MP: 0/0
   561 | D:1      | Reached XP level 2. HP: 27/27 MP: 1/1
   921 | D:1      | Found Xaefaeddi's Book Emporium.
  1140 | D:2      | Found a faded altar of an unknown god.
  1251 | D:2      | Reached ** piety under Trog
  1359 | D:2      | Reached XP level 3. HP: 31/33 MP: 2/2
  1668 | D:2      | Gained mutation: Your spells are a little harder to cast,
                  | but a little more powerful. [potion of mutation]
  1668 | D:2      | Gained mutation: You are strong-willed. (Will+) [potion of
                  | mutation]
  2138 | D:3      | Reached XP level 4. HP: 40/41 MP: 3/3
  2687 | D:4      | Reached XP level 5. HP: 47/47 MP: 4/4
  2768 | D:4      | Found a staircase to the Ecumenical Temple.
  2833 | D:4      | Reached skill level 5 in Fighting
  2833 | D:4      | Reached skill level 5 in Axes
  2994 | D:4      | Found Patz's Tremendous Tomes.
  3012 | D:4      | Noticed Menkaure
  3021 | D:4      | Killed Menkaure
  3022 | D:4      | Reached XP level 6. HP: 12/56 MP: 5/5
  3348 | D:5      | Entered Level 5 of the Dungeon
  3487 | D:5      | Reached *** piety under Trog
  3558 | D:5      | Identified the +2 robe of the Game of Kings {Dex+7 Slay+2}
  3914 | D:5      | Reached XP level 7. HP: 61/62 MP: 6/6
  3920 | D:5      | Reached skill level 5 in Armour
  3921 | D:5      | Reached skill level 1 in Evocations
  4316 | D:6      | Reached skill level 5 in Dodging
  4583 | D:6      | Found a burning altar of Makhleb.
  4983 | D:6      | Reached XP level 8. HP: 71/71 MP: 7/7
  5259 | D:6      | Quit the game

Illustrated notes

Levels and vault maps discovered:
D:1:      eino_arrival_cavern_a, layout_loops_ring, serial_shops,
          nicolae_shop_stone
D:2:      layout_basic, dreamdust_ecumenical_altar_hidden_monk_grotto,
          chequers_mini_garden
D:3:      layout_rooms
D:4:      layout_gridville, minmay_temple_entry_junction,
          nicolae_shop_i_like_big_books, uniq_menkaure
D:5:      layout_loops_ring, hangedman_decor_peaks_small
D:6:      layout_loops_ring, mainiacjoe_overflow_tiny_flanked, centaur_isle

Skill      XL: |  1  2  3  4  5  6  7 |
---------------+----------------------+-----
Fighting       | 4 5 6 |  6.4
Axes           | 4 5 6 |  6.4
Armour         | 3 4 5 |  5.8
Dodging        | 3 4 5 |  5.2
Evocations     | 2 |  2.3

Action                   |  1- 3 |  4- 6 |  7- 9 || total
-------------------------+-------+-------+-------++-------
Melee: Hand axe          |   106 |    73 |    63 ||   242
       Headbutt          |     9 |    19 |    10 ||    38
       Punch             |       |       |     1 ||     1
Throw: Throwing net      |     1 |       |       ||     1
Invok: Berserk           |       |     2 |       ||     2
       Trog's Hand       |       |     1 |       ||     1
  Use: Potion            |     8 |     1 |       ||     9
       Scroll            |     4 |     6 |     1 ||    11
 Stab: Sleeping          |     1 |       |       ||     1
Armor: Animal skin       |     4 |       |       ||     4
       Ring mail         |    19 |    17 |    14 ||    50
Dodge: Dodged            |    65 |    47 |    45 ||   157
